 Dungeon Crawl Stone Soup version 0.28.0-53-g5a82cb258f (webtiles) character file.

Game seed: 2510487530971859771

35 Duralumin the Shield-Bearer (level 3, -2/29 HPs)
             Began as a Formicid Fighter on June 15, 2022.
             Slain by an adder (3 damage)
             ... on level 1 of the Dungeon.
             The game lasted 00:02:58 (1707 turns).

Duralumin the Shield-Bearer (Formicid Fighter)      Turns: 1707, Time: 00:02:59

Health: -2/29      AC:  6    Str: 22    XL:     3   Next: 52%
Magic:  3/3        EV:  9    Int:  7    God:
Gold:   36         SH:  4    Dex: 10    Spells: 2/2 levels left

rFire   . . .      SeeInvis +   a - +0 war axe
rCold   . . .      Faith    .   c - +0 buckler
rNeg    . . .      Spirit   .   b - +0 scale mail
rPois   .          Reflect  .   (helmet unavailable)
rElec   .          Harm     .   (no cloak)
rCorr   .          Rampage  .   (no gloves)
Will    .....                   (no boots)
Stlth   ..........              (no amulet)
HPRegen 0.09/turn               (no ring)
MPRegen 0.08/turn               (no ring)

@: brilliant, lethally poisoned (-2 -> -7), invisible
A: permanent stasis, dig shafts and tunnels, antennae 3, four strong arms
a: Dig, Shaft Self


You were on level 1 of the Dungeon.
You visited 1 branch of the dungeon, and saw 2 of its levels.

You collected 36 gold pieces.

Inventory:

Hand Weapons
 a - a +0 war axe (weapon)
 e - a +3 mace
Missiles
 h - 30 stones
Armour
 b - a +0 scale mail (worn)
 c - a +0 buckler (worn)
Scrolls
 f - a scroll of summoning {unknown}
Potions
 d - a potion of might


   Skills:
 - Level 3.2 Fighting
 + Level 3.6 Axes
 - Level 3.2 Armour
 - Level 3.6 Shields


You had 2 spell levels left.
You didn't know any spells.
Your spell library contained the following spells:

 Spells                   Type           Power      Damage    Failure   Level
 Sting                    Tmut/Pois      0%         1d3       83%         1
 Poisonous Vapours        Pois/Air       0%         N/A       92%         2
 Olgreb's Toxic Radiance  Pois           0%         N/A       100%        4


Dungeon Overview and Level Annotations

Branches:
Dungeon (2/15)

Altars:


Innate Abilities, Weirdness & Mutations

You cannot be hasted, slowed, berserked, paralysed or teleported.
You can dig through walls and to a lower floor.
You have a pair of large antennae on your head. (SInv)
Your four strong arms can wield two-handed weapons with a shield.


Message History

The adder bites you but does no damage. You block the adder's attack.
You closely miss the adder.
The adder is moderately wounded.
The adder bites you.
You are poisoned.
The adder poisons you!
It was a potion of haste.
Your stasis prevents you from being hasted.
You feel sick. The adder closely misses you.
It was a potion of invisibility.
You fade into invisibility!
You feel sick. The adder closely misses you. The adder bites you.
* * * LOW HITPOINT WARNING * * *
It was a potion of brilliance.
You feel clever all of a sudden.
You feel sick. The adder closely misses you.
You feel sick.
You barely miss the adder.
The adder is moderately wounded.
You feel sick. You block the adder's attack. x2
You feel sick.
You are no longer poisoned.
The adder barely misses you. The adder barely misses you.
There is a stone staircase leading up here.
The adder misses you.
You climb upwards.
There is a stone staircase leading down here.
The adder closely misses you. You block the adder's attack.
The adder bites you.
* * * LOW HITPOINT WARNING * * *
You are lethally poisoned!
The adder poisons you!
You barely miss the adder.
The adder is moderately wounded.
* * * LOW HITPOINT WARNING * * *
You feel very sick. The adder bites you.
You die...

########.......##......#
########.......##.#.#############
.......#............##)...)......
.#####.#.......##.#.##.##########
...###.#.......##.#.##.#
##................#....#
###....###.#.#.##.######
####...#...[...S..# #.# P#
#...#.#.#.#.#@.# #.#### .#
#..............# #....# '#
#..##.#...#.#..# #[...# .#
#..##.#...#.#..# #.)..#
♣P###..#.#...#.#..####)####
######.......#.........#
....###..##......#####.#
♣.....#..##..###.# ### ##
.............# ### ###.


You could see an adder.

Vanquished Creatures
  A dart slug (D:1)
  2 ball pythons (D:1)
  4 bats
  5 endoplasms
  A giant cockroach (D:1)
  2 goblins (D:1)
  2 hobgoblins (D:1)
  2 jackals (D:2)
  2 quokkas (D:1)
  3 kobolds (D:1)
  3 rats (D:1)
27 creatures vanquished.

Notes
Turn   | Place    | Note
-------+----------+-------------------------------------------
     0 | D:1      | Duralumin the Formicid Fighter began the quest for the Orb.
     0 | D:1      | Reached XP level 1. HP: 18/18 MP: 1/1
   485 | D:1      | Reached XP level 2. HP: 24/24 MP: 2/2
   796 | D:1      | Reached XP level 3. HP: 24/29 MP: 3/3
  1707 | D:1      | HP: 1/29 [poisoned by an adder]
  1707 | D:1      | Slain by an adder

Illustrated notes

Levels and vault maps discovered:
D:1:      denvon_arrival_planthouse, layout_basic, serial_curves,
          eino_curves_01, eino_curves_01, chequers_serial_rivers_large_a
D:2:      layout_rooms, hellmonk_ecumenical_altar_leap_of_faith

Skill      XL: |  1  2 |
---------------+-------+-----
Axes           | 3 |  3.6
Fighting       | |  3.2
Armour         | |  3.2
Shields        | |  3.6

Action                   || total
-------------------------++-------
Melee: War axe           ||   105
  Use: Potion            ||     3
Armor: Scale mail        ||    58
Dodge: Dodged            ||    57
Block: Buckler           ||    33
